 Dungeon Crawl Stone Soup version 0.23.2-40-g277498a001 (webtiles) character file.

Game seed: 6885533519728302686

23 GreyFruit the Gusty (level 2, -7/15 HPs)
             Began as a Tengu Air Elementalist on Sept 29, 2019.
             Mangled by Sigmund
             ... wielding a +0 scythe
              (15 damage)
             ... on level 2 of the Dungeon.
             The game lasted 00:02:22 (1258 turns).

GreyFruit the Gusty (Tengu Air Elementalist)        Turns: 1258, Time: 00:02:22

Health: -7/15      AC:  2    Str:  8    XL:     2   Next: 95%
Magic:  1/6        EV: 12    Int: 15    God:
Gold:   87         SH:  0    Dex: 14    Spells: 4/5 levels left

rFire    . . .     SeeInvis .   k - +0 dagger
rCold    . . .     Gourm    .   (no shield)
rNeg     . . .     Faith    .   a - +0 robe
rPois    .         Spirit   .   (helmet restricted)
rElec    .         Reflect  .   (no cloak)
rCorr    .         Harm     .   (no gloves)
MR       .....                  (boots unavailable)
Stlth    ++........             (no amulet)
HPRegen  0.05/turn              i - ring of flight
MPRegen  0.10/turn              (no ring)

@: no status effects
A: beak, talons 3
a: Evoke Flight


You were on level 2 of the Dungeon.
You were near starving.

You visited 1 branch of the dungeon, and saw 2 of its levels.

You collected 87 gold pieces.

Inventory:

Hand Weapons
 k - a +0 dagger (weapon)
Armour
 a - a +0 robe (worn)
Jewellery
 i - a ring of flight (left hand)
Scrolls
 b - a scroll of immolation {unknown}
 d - 3 scrolls of remove curse
 e - a scroll of teleportation
Potions
 h - 3 potions of curing
 j - a potion of degeneration {unknown}
 l - 2 potions of mutation {unknown}
Comestibles
 c - 4 rations


   Skills:
 + Level 2.2 Dodging
 - Level 2.0 Stealth
 * Level 2.2 Spellcasting
 + Level 1.5 Conjurations
 + Level 5.0 Air Magic


You had 4 spell levels left.
You knew the following spells:

 Your Spells              Type           Power        Failure   Level  Hunger
a - Shock                 Conj/Air       ##..         5%          1    #......

Your spell library contained the following spells:

 Spells                   Type           Power        Failure   Level  Hunger
 Swiftness                Chrm/Air       #.......     12%         2    ###....
 Static Discharge         Conj/Air       ##......     17%         3    ###....
 Airstrike                Air            ###.......   26%         4    #####..
 Lightning Bolt           Conj/Air       ##........   83%         5    ######.


Dungeon Overview and Level Annotations

Branches:
Dungeon (2/15)

Altars:
Gozag

Annotations:
D:2 Sigmund


Innate Abilities, Weirdness & Mutations

You have a beak for a mouth.
You have claws for feet.


Message History

Sigmund is lightly wounded.
Casting: Shock (safe; 5% risk of failure)
Confirm with . or Enter, or press ? or * to list all spells.
Aiming: Shock (safe; 5% risk of failure)
Press: ? - help, Shift-Dir - straight line, f/p - Sigmund
Aim: Sigmund, wielding a +0 scythe and wearing a cursed +0 robe (lightly wounded)
The zap hits Sigmund.
Sigmund is lightly wounded.
Sigmund points at you and mumbles some strange words.
The magic dart hits you!
Casting: Shock (safe; 5% risk of failure)
Confirm with . or Enter, or press ? or * to list all spells.
Aiming: Shock (safe; 5% risk of failure)
Press: ? - help, Shift-Dir - straight line, f/p - Sigmund
Aim: Sigmund, wielding a +0 scythe and wearing a cursed +0 robe (lightly wounded)
The zap hits Sigmund.
Sigmund is lightly wounded.
Sigmund hits you from afar with a +0 scythe!
Ouch! That really hurt!
You die...

.........#######.#...#
.........### #.#.###
.....(.....# #.#.#
...........# #.#.#
...........# #.#.#
####+##....#####.#..
###......._# ###
#......###...
#...(...@#.##
#...........#
#......#@#..#
#.####......# #.
#....#..# #. #.#.....#
#.#.#..... ...........
.............


You could see Sigmund.

Vanquished Creatures
  2 leopard geckos (D:1)
  A goblin (D:1)
  2 hobgoblins
  2 jackals (D:1)
  2 kobolds
  3 bats (D:1)
  2 frilled lizards
  7 rats (D:1)
21 creatures vanquished.

Notes
Turn   | Place    | Note
-------+----------+-------------------------------------------
     0 | D:1      | GreyFruit the Tengu Air Elementalist began the quest for
                  | the Orb.
     0 | D:1      | Reached XP level 1. HP: 10/10 MP: 4/4
   154 | D:1      | Reached XP level 2. HP: 15/15 MP: 0/6
   660 | D:1      | Reached skill level 5 in Air Magic
   969 | D:2      | Found an opulent altar of Gozag.
  1009 | D:2      | Noticed Sigmund
  1258 | D:2      | Mangled by Sigmund

Skill      XL: |  1  2 |
---------------+-------+-----
Air Magic      | 5 |  5.0
Dodging        | |  2.2
Stealth        | |  2.0
Spellcasting   | |  2.2
Conjurations   | |  1.5

Action                   || total
-------------------------++-------
Melee: Unarmed           ||     3
       Kick              ||     2
       Dagger            ||    11
       Peck              ||     3
 Cast: Shock             ||    52
  Use: Scroll            ||     4
Armor: Robe              ||     2
Dodge: Dodged            ||    15
